 Dungeon Crawl Stone Soup version 0.30-a0-1085-g990a428a5c (webtiles) character file.

Game seed: 11279619941684430599

4 CornPuffBuddha the Caller (level 1, 13/13 HPs)
             Began as a Merfolk Summoner on Apr 15, 2023.
             Quit the game on level 1 of the Dungeon on Apr 16, 2023.
             The game lasted 00:01:00 (148 turns).

CornPuffBuddha the Caller (Merfolk Summoner)         Turns: 148, Time: 00:01:01

Health: 13/13      AC:  2    Str:  8    XL:     1   Next: 70%
Magic:  3/3        EV: 12    Int: 14    God:
Gold:   28         SH:  0    Dex: 14    Spells: 3/4 levels left

rFire   . . .      SeeInvis .    (no weapon)
rCold   . . .      Faith    .    (no shield)
rNeg    . . .      Spirit   .    a - +0 robe
rPois   .          Reflect  .    (no helmet)
rElec   .          Rampage  .    (no cloak)
rCorr   .                        (no gloves)
Will    .....                    (no boots)
Stlth   ++                       (no amulet)
HPRegen 0.22/turn                (no ring)
MPRegen 0.08/turn                (no ring)

@: no status effects
A: (nimble swimmer 2), mertail
a: no special abilities


You were on level 1 of the Dungeon.
You visited 1 branch of the dungeon, and saw 1 of its levels.

You collected 28 gold pieces.

Inventory:

Armour
 a - a +0 robe (worn)
Scrolls
 c - a scroll of teleportation {unknown}
 d - a scroll of poison {unknown}
Potions
 b - a potion of magic
 e - a potion of haste {unknown}


   Skills:
 + Level 2.8 Dodging
 + Level 2.3 Stealth
 + Level 2.1 Spellcasting
 + Level 4.0 Summonings


You had 3 spell levels left.
You knew the following spells:

 Your Spells              Type           Power      Damage    Failure   Level
a - Summon Small Mammal   Summ           48%        N/A       4%          1

Your spell library contained the following spells:

 Spells                   Type           Power      Damage    Failure   Level
 Call Imp                 Summ           24%        N/A       7%          2
 Call Canine Familiar     Summ           12%        N/A       13%         3
 Summon Guardian Golem    Hex/Summ       7%         N/A       30%         3
 Summon Lightning Spire   Summ/Air       7%         N/A       71%         4


Dungeon Overview and Level Annotations

Branches:
Dungeon (1/15)

Altars:


Innate Abilities, Weirdness & Mutations

((You are very nimble when in or above water. (Stealth+, EV+, Speed+++)))
Your lower body shifts to a powerful aquatic tail in water.


Message History

You see here a bubbling emerald potion.
e - a bubbling emerald potion You swap places.
A hobgoblin comes into view.
The bat misses you.
The bat hits your rat but does no damage.
Casting: Summon Small Mammal (safe; 4% risk of failure)
Confirm with . or Enter, or press ? or * to list all spells.
The bat hits you but does no damage.
Casting: Summon Small Mammal (safe; 4% risk of failure)
Confirm with . or Enter, or press ? or * to list all spells.
Your rat disappears in a puff of smoke!
Your bat misses the bat. The bat misses you. The bat hits you.
Your quokka barely misses the bat.
The bat hits your bat.
Your bat barely misses the bat.
The bat hits your bat.
Your quokka bites the bat.
The bat dies!
Your bat hits the hobgoblin.
Your quokka bites the hobgoblin.
The hobgoblin closely misses your quokka.
Your bat hits the hobgoblin but does no damage.
Your quokka barely misses the hobgoblin.
Your quokka bites the hobgoblin.
The hobgoblin hits your quokka.
Your quokka bites the hobgoblin.
The hobgoblin dies!
Save game and exit?
Welcome back, CornPuffBuddha the Merfolk Summoner.
Press ? for a list of commands and other information.
You start resting.
Your quokka disappears in a puff of smoke!
HP restored.
You start resting.
Magic restored.
Search for what [? for help]?
D:1 You see here a +0 ring mail.
Found a whip.
A quokka comes into view.
Save game and exit?
Welcome back, CornPuffBuddha the Merfolk Summoner.
Press ? for a list of commands and other information.
Are you sure you want to abandon this character and quit the game? (Confirm with "yes".)

.# .. .# .# # ### .##.# #
#.# r...#
.#.####.##.)..#.#
........b@.......
.#.#....####..#.#
#.#.####.#####.#.#
.#.......[....#.#.#
....†.†...........
###..####.###.#.#
................# ... .
........###...#####.# ..#
#..####.##.......##.##..#


You could see a quokka (asleep) and a friendly bat (summoned).

Vanquished Creatures
  An endoplasm (D:1)
1 creature vanquished.

Vanquished Creatures (collateral kills)
  An endoplasm (D:1)
  A hobgoblin (D:1)
  A bat (D:1)
3 creatures vanquished.

Grand Total: 4 creatures vanquished

Notes
Turn   | Place    | Note
-------+----------+-------------------------------------------
     0 | D:1      | CornPuffBuddha the Merfolk Summoner began the quest for the
                  | Orb.
     0 | D:1      | Reached XP level 1. HP: 13/13 MP: 3/3
   113 | D:1      | Upgraded the game from 0.30-a0-1082-g70414cbcbb to
                  | 0.30-a0-1085-g990a428a5c
   148 | D:1      | Quit the game

Illustrated notes

Levels and vault maps discovered:
D:1:      psy_arrival_statuary, layout_basic, minmay_misc_feat_ornament,
          hangedman_decor_points

Action                     || total
---------------------------++-------
  Melee: Unarmed           ||     6
   Cast: Summon Small Mamm ||     6
 Armour: Robe              ||     2
  Dodge: Dodged            ||     5

Table legend: (Time is in decaauts)
 A = Elapsed time spent in this place.
 B = Non-inter-level travel time spent in this place.
 C = Inter-level travel time spent in this place.
 D = Time resting spent in this place.
 E = Time spent auto-exploring this place.
 F = Levels seen in this place.
 G = Mean time per level.
                   A        B        C        D        E       F      G
               +--------+--------+--------+--------+--------+-----+--------+
         Total |    148 |    148 |      0 |     29 |     79 |   1 |  148.0 |
       Dungeon |    148 |    148 |      0 |     29 |     79 |   1 |  148.0 |
               +--------+--------+--------+--------+--------+-----+--------+

Top non-repeatable levels by time:
     D:1: 148 daAuts
